 Dungeon Crawl Stone Soup version 0.31-a0-321-g19405a7a6a (webtiles) character file.

Game seed: 2824961904282192069

21 LeprechaunX the Changeling (level 2, 0/19 HPs)
             Began as an Octopode Shapeshifter on July 18, 2023.
             Constricted to death by a ball python (1 damage)
             ... on level 2 of the Dungeon.
             The game lasted 00:00:42 (791 turns).

LeprechaunX the Changeling (Octopode Shapeshifter)   Turns: 791, Time: 00:00:43

Health: 0/19       AC:  1    Str: 14    XL:     2   Next: 87%
Magic:  2/2        EV: 10    Int: 10    God:
Gold:   81         SH:  0    Dex: 12    Spells: 1/1 levels left

rFire   . .          .
                       - Unarmed
rCold   . . .        (no shield)
rNeg    . . .        (helmet currently unavailable)
rPois   .            (no amulet)
rElec   .            (no ring)
rCorr   .            (no ring)
SInv    .            (no ring)
Will    .....        (no ring)
Stlth   ++           (no ring)
HPRegen 0.23/turn    (no ring)
MPRegen 0.08/turn    (no ring)
                     (no ring)

%: no passive effects
@: beast-form, constricted
A: beast (slay +2), almost no armour, amphibious, 8 rings, camouflage 1,
gelatinous body 1, (nimble swimmer 1), tentacles
a: Begin Untransformation


You were on level 2 of the Dungeon.
You were a hulking beast.
You visited 1 branch of the dungeon, and saw 2 of its levels.

You collected 81 gold pieces.

Inventory:

Talismans
 b - a beast talisman
Scrolls
 e - 4 scrolls of identify {unknown}
Potions
 a - a potion of lignification
 c - a potion of might {unknown}
 d - 3 potions of curing {unknown}


   Skills:
 + Level 2.2 Fighting
 + Level 2.2 Dodging
 * Level 2.5 Unarmed Combat
 * Level 3.2 Shapeshifting


You had one spell level left.
You didn't know any spells.
Your spell library was empty.

Dungeon Overview and Level Annotations

Branches:
Dungeon (2/15)

Altars:


Innate Abilities, Weirdness & Mutations

You are a hulking beast.
Your limbs bulge with bestial killing power. (Slay +2)
You cannot wear most types of armour.
You are amphibious.
You can wear up to eight rings at the same time.
Your skin changes colour to match your surroundings (Stealth+).
Your rubbery body absorbs attacks. (AC +1, EV +1)
((You are camouflaged when in or above water. (Stealth+)))
You have tentacles for arms and can constrict up to eight enemies at once.


Message History

Your grab misses the goblin.
The goblin unwields a +0 sling.
The goblin wields a +0 dagger.
The goblin hits you with a +0 dagger. The kobold hits you but does no damage.
You closely miss the goblin. You grab the goblin. You constrict the goblin.
The goblin closely misses you. The kobold barely misses you.
You tentacle-slap the goblin.
You kill the goblin!
A ball python comes into view.
The ball python hisses angrily.
You tentacle-slap the kobold.
You kill the kobold!
You tentacle-slap Terence. You grab Terence.
Terence is lightly wounded.
You constrict Terence, but do no damage.
Terence closely misses you.
You tentacle-slap Terence. You squeeze Terence!
Terence is severely wounded.
You constrict Terence. The endoplasm hits you. Terence barely misses you.
You tentacle-slap Terence.
Terence is almost dead.
You constrict Terence. The endoplasm freezes you.
You are frozen.
Terence hits you with a +0 hand axe! The endoplasm freezes you.
You are frozen.
* * * LOW HITPOINT WARNING * * *
The ball python misses you. The ball python grabs you.
The ball python constricts you.
* * * LOW HITPOINT WARNING * * *
You tentacle-slap Terence but do no damage.
Terence is almost dead.
You constrict Terence.
You kill Terence!
The endoplasm hits you.
* * * LOW HITPOINT WARNING * * *
The endoplasm hits you.
* * * LOW HITPOINT WARNING * * *
The ball python bites you but does no damage.
The ball python constricts you.
You die...

....... .......
.......###
.........
.........
.....$..##
......J).#
......)h<#
.......SJ##
>.........#
..#######.....J.
# ..###.. .## ..
.. ...


You could see 2 endoplasms and a ball python.

Vanquished Creatures
  Terence (D:2)
  A ball python (D:1)
  4 giant cockroaches (D:1)
  A goblin (D:2)
  2 hobgoblins
  5 kobolds
  4 bats (D:1)
  A frilled lizard (D:1)
  A rat (D:1)
20 creatures vanquished.

Notes
Turn   | Place    | Note
-------+----------+-------------------------------------------
     0 | D:1      | LeprechaunX the Octopode Shapeshifter began the quest for
                  | the Orb.
     0 | D:1      | Reached XP level 1. HP: 14/14 MP: 1/1
   186 | D:1      | Reached XP level 2. HP: 19/19 MP: 2/2
   780 | D:2      | Noticed Terence
   791 | D:2      | Killed Terence
   791 | D:2      | Constricted to death by a ball python

Illustrated notes

Levels and vault maps discovered:
D:1:      erik_arrival_triangle_huge, layout_basic, minmay_tripent
D:2:      layout_rooms, uniq_robin, uniq_terence

Action                     || total
---------------------------++-------
  Melee: Unarmed           ||    37
         Constrict         ||    12
         Punch             ||     1
         Tentacles         ||     4
   Stab: Sleeping          ||     3
 Armour: Skin              ||     4
  Dodge: Dodged            ||    27

Table legend: (Time is in decaauts)
 A = Elapsed time spent in this place.
 B = Non-inter-level travel time spent in this place.
 C = Inter-level travel time spent in this place.
 D = Time resting spent in this place.
 E = Time spent auto-exploring this place.
 F = Levels seen in this place.
 G = Mean time per level.
                   A        B        C        D        E       F      G
               +--------+--------+--------+--------+--------+-----+--------+
         Total |    789 |    782 |      7 |      0 |    666 |   2 |  394.5 |
       Dungeon |    789 |    782 |      7 |      0 |    666 |   2 |  394.5 |
               +--------+--------+--------+--------+--------+-----+--------+

Top non-repeatable levels by time:
     D:1: 776 daAuts
     D:2: 12 daAuts
